 Dungeon Crawl Stone Soup version 0.32-a0-560-g4c7f4391e0 (webtiles) character file.

Game seed: 10964997778096906742

12958 lunkers the Carver (level 12, -1/92 HPs)
             Began as a Coglin Gladiator on Feb 29, 2024.
             Was a Follower of Ru.
             Incinerated by a deep elf pyromancer (11 damage)
             ... with a pyre arrow
             ... on level 9 of the Dungeon.
             The game lasted 00:26:46 (9322 turns).

lunkers the Carver (Coglin Gladiator)               Turns: 9322, Time: 00:26:47

Health: -1/92      AC: 18    Str: 19    XL:     12   Next: 1%
Magic:  12/12      EV: 10    Int:  9    God:    Ru [*.....]
Gold:   569        SH:  0    Dex: 16    Spells: 11/11 levels left

rFire   . . .        p - +4 falchion {Daeho}
rCold   . . .        C - +3 long sword {Agustín}
rNeg    . . .        y - +1 chain mail {rPois}
rPois   +            g - +2 helmet {Int+3}
rElec   .            l - +0 cloak
rCorr   .            w - +0 pair of gloves
SInv    .            E - +0 pair of boots {Fly}
Will    .....        (amulet unavailable) Stlth
                     (ring unavailable)
HPRegen 0.35/turn    (ring unavailable)
MPRegen 0.13/turn    (no gizmo)

%: no passive effects
@: on fire, flying, glowing, revving
A: dopey 1, no air magic, no hexes magic, no summoning magic, off-hand wielding,
slow wielding, warmup strikes, no jewelry
a: Invent Gizmo, Renounce Religion


You were on level 9 of the Dungeon.
You worshipped Ru.
Ru was aware of your devotion.
You visited 2 branches of the dungeon, and saw 10 of its levels.

You collected 809 gold pieces.
You spent 240 gold pieces at shops.

Inventory:

Hand Weapons
 a - a +0 scimitar {Yolanda}
 p - a +4 falchion (weapon) {Daeho}
 q - a +3 long sword of chaos {Ai}
 r - a +1 short sword of freezing
 t - a +1 dagger of venom {Zihan}
 u - a +2 falchion
 C - a +3 long sword (offhand) {Agustín}
Missiles
 d - 3 throwing nets
 e - 4 javelins
Armour
 g - a +2 helmet of intelligence (worn)
 h - a +0 ring mail of positive energy
 l - a +0 cloak (worn)
 v - +0 steam dragon scales
 w - a +0 pair of gloves (worn)
 y - a +1 chain mail of poison resistance (worn)
 E - a +0 pair of boots of flying (worn)
Wands
 c - a wand of warping (3)
 s - a wand of polymorph (8)
 A - a wand of paralysis (6)
Scrolls
 j - a scroll of teleportation
 k - 2 scrolls of enchant weapon
 m - 2 scrolls of fog
 o - 4 scrolls of blinking
 B - a scroll of poison
Potions
 b - 2 potions of mutation {unknown}
 f - a potion of invisibility {unknown}
 i - a potion of berserk rage
 n - 5 potions of might
 x - 4 potions of lignification
 z - 2 potions of attraction
 D - 3 potions of haste
 F - a potion of heal wounds
 G - a potion of enlightenment {unknown}


   Skills:
 + Level 7.8 Fighting
 - Level 14.0 Long Blades
 - Level 1.7 Throwing
 + Level 6.6 Armour
 + Level 5.0 Dodging
 + Level 8.0 Evocations


You had 11 spell levels left.
You didn't know any spells.
Your spell library contained the following spells:

 Spells                   Type           Power      Damage    Failure   Level
 Lesser Beckoning         Tloc           0%         N/A       99%         2
 Sublimation of Blood     Necr           0%         N/A       99%         2
 Gell's Gravitas          Tloc           0%         N/A       100%        3
 Passwall                 Erth           0%         N/A       100%        3
 Teleport Other           Tloc           0%         N/A       100%        3
 Vampiric Draining        Necr           0%         2d6       100%        3
 Slow                     Hex            Unusable   N/A       N/A         1
 Call Imp                 Summ           Unusable   N/A       N/A         2
 Ensorcelled Hibernation  Hex/Ice        Unusable   N/A       N/A         2
 Confusing Touch          Hex            Unusable   N/A       N/A         3
 Sigil of Binding         Hex            Unusable   N/A       N/A         3
 Swiftness                Air            Unusable   N/A       N/A         3
 Summon Hydra             Summ           Unusable   N/A       N/A         7

Dungeon Overview and Level Annotations

Branches:
Dungeon (9/15)             Temple (1/1) D:4
   Lair: D:8-11         Orc: D:9-12

Altars:
Ashenzari
Cheibriados
Dithmenos
Elyvilon
Fedhas
Gozag
Hepliaklqana
Kikubaaqudgha
Makhleb
Nemelex Xobeh
Okawaru
Qazlal
Ru
Sif Muna
Trog
Uskayaw
Vehumet
Wu Jian
Xom
Yredelemnul
Zin
The Shining One

Shops:
D:1 (   D:8 [


Innate Abilities, Weirdness & Mutations

You are dopey. (Int -2)
You cannot study or cast Air magic.
You cannot study or cast Hexes magic.
You cannot study or cast Summoning magic.
You can wield a second weapon in your off-hand.
It takes a long time for you to wield or remove held weapons.
Your first few attacks do less damage.
You cannot equip rings or amulets.


Message History

The deep elf pyromancer gestures at you while chanting.
The pyre arrow hits you.
You are covered in intense liquid fire!
You shake off some of the fire as you move.
The liquid fire burns you!
* * * LOW HITPOINT WARNING * * *
The deep elf pyromancer hits you but does no damage.
You closely miss the deep elf pyromancer with your +4 falchion.
The deep elf pyromancer is lightly wounded.
You hit the deep elf pyromancer with your +3 long sword.
The liquid fire burns you!
* * * LOW HITPOINT WARNING * * *
The deep elf pyromancer hits you with a +0 long sword.
* * * LOW HITPOINT WARNING * * *
You barely miss the deep elf pyromancer with your +4 falchion.
The deep elf pyromancer is lightly wounded.
You slash the deep elf pyromancer with your +3 long sword!
The liquid fire burns you!
* * * LOW HITPOINT WARNING * * *
You miss the deep elf pyromancer with your +4 falchion.
The deep elf pyromancer is moderately wounded.
You slash the deep elf pyromancer with your +3 long sword!
The liquid fire burns you!
* * * LOW HITPOINT WARNING * * *
The deep elf pyromancer points at you and mumbles some strange words.
The pyre arrow hits you.
You are even more covered in intense liquid fire!
You hear a shout!
You slash the deep elf pyromancer with your +3 long sword!
You kill the deep elf pyromancer!
The liquid fire burns you!
* * * LOW HITPOINT WARNING * * *
Your Dodging skill increases to level 5!
Your Evocations skill increases to level 8!
You have reached level 12!
You feel agile.
You shake off some of the fire as you move.
The liquid fire burns you!
You die...
Ru respects your ultimate sacrifice.

.#.# .# #(#? .. #..# .##..# #.
..## #### .#..##. .######..##
...#. ##...# ###..####.## ...
##....# ##.##..###.####.#
#.....+
#.#####.##^##.#†###.....#
#.##..#.#.###÷)##.#.....# .##
##.##.##....@.#.....#####. ##
#.#..##[#.##..#........... #
#.#####)###.#.#........... ##
##..##.########...########## .##
###..##..........#........# ..##
####...........##.......#
...#######.............'.......+
.............########..#.......#
.............# #..#.......#


There were no monsters in sight!

Vanquished Creatures
  3 two-headed ogres (D:9)
  A boulder beetle (D:9)
  A dancing weapon (D:6)
  A centaur warrior (D:9)
  The ghost of LobsterGuardian the Skirmisher, a novice DrHu of Beogh (D:6)
  A deep elf pyromancer (D:9)
  2 cane toads (D:9)
  5 unseen horror zombies (D:9)
  A troll (D:9)
  Prince Ribbit (D:8)
  A shadow (D:7)
  11 yaks
  A wraith (D:9)
  A wyvern (D:8)
  A steam dragon (D:9)
  A basilisk (D:9)
  3 water moccasins
  An acid dragon (D:9)
  3 ice beasts
  A black bear (D:5)
  3 orc warriors (D:9)
  5 centaurs
  2 ogres
  A phantom (D:6)
  3 kobold brigands
  4 bullfrogs
  A gnoll sergeant (D:7)
  A scorpion (D:7)
  5 wights (D:9)
  A burial acolyte (D:9)
  2 killer bees (D:9)
  5 howler monkeys
  A centaur zombie (D:9)
  A quasit (D:6)
  A human zombie (D:9)
  A hound (D:4)
  6 orc priests
  2 bombardier beetles (D:5)
  4 jellies (D:7)
  2 centaur skeletons (D:9)
  4 sleepcaps
  An iguana (D:5)
  12 orc wizards
  2 killer bee zombies (D:9)
  3 gnolls (D:7)
  7 adders
  5 shadow imps (D:6)
  4 white imps
  2 ufetubi (D:5)
  2 dart slugs
  A ribbon worm (D:2)
  25 orcs
  5 ball pythons
  4 bats
  11 endoplasms
  4 giant cockroaches
  9 goblins
  9 hobgoblins
  3 jackals (D:5)
  3 quokkas
  9 frilled lizards
  6 kobolds
  6 rats
229 creatures vanquished.

Vanquished Creatures (others)
  A kobold demonologist (D:9)
1 creature vanquished.

Grand Total: 230 creatures vanquished

Notes
Turn   | Place    | Note
-------+----------+-------------------------------------------
     0 | D:1      | lunkers the Coglin Gladiator began the quest for the Orb.
     0 | D:1      | Reached XP level 1. HP: 16/16 MP: 1/1
    66 | D:1      | Reached XP level 2. HP: 19/22 MP: 2/2
    79 | D:1      | Found a faded altar of an unknown god.
   288 | D:1      | Reached skill level 4 in Long Blades
   322 | D:1      | Found Pedgh's Weapon Shoppe.
   329 | D:1      | Reached XP level 3. HP: 26/27 MP: 3/3
  1496 | D:2      | Reached XP level 4. HP: 31/33 MP: 4/4
  1979 | D:3      | Reached skill level 5 in Long Blades
  2507 | D:3      | Found an opulent altar of Gozag.
  2518 | D:3      | Found a sparkling altar of Nemelex Xobeh.
  2519 | D:3      | Found an ornate altar of the Wu Jian Council.
  2911 | D:4      | Found a staircase to the Ecumenical Temple.
  2920 | Temple   | Entered the Ecumenical Temple
  3119 | Temple   | Became a worshipper of Ru the Awakened
  3167 | D:4      | Reached XP level 5. HP: 30/38 MP: 5/5
  3616 | D:4      | Reached skill level 6 in Long Blades
  3671 | D:5      | Entered Level 5 of the Dungeon
  3696 | D:5      | Reached XP level 6. HP: 41/44 MP: 6/6
  3882 | D:5      | HP: 1/44 [ogre/+0 giant club (29)]
  3884 | D:5      | Reached skill level 7 in Long Blades
  4085 | D:5      | Noticed an ice beast
  4097 | D:5      | Killed an ice beast
  4167 | D:5      | Reached XP level 7. HP: 50/50 MP: 7/7
  4302 | D:5      | Reached skill level 8 in Long Blades
  4366 | D:5      | Gained mutation: You cannot study or cast Air magic. [Ru
                  | sacrifice]
  4366 | D:5      | Gained mutation: You cannot study or cast Hexes magic. [Ru
                  | sacrifice]
  4366 | D:5      | Gained mutation: You cannot study or cast Summoning magic.
                  | [Ru sacrifice]
  4366 | D:5      | Reached * piety under Ru
  5005 | D:6      | Reached skill level 9 in Long Blades
  5025 | D:6      | Reached XP level 8. HP: 28/56 MP: 8/8
  5510 | D:6      | Found a runed translucent door.
  5512 | D:6      | Found a shimmering altar of Xom.
  5512 | D:6      | Noticed LobsterGuardian's ghost (novice DrHu)
  5512 | D:6      | Noticed a +2 long sword of chaos
  5544 | D:6      | Reached skill level 10 in Long Blades
  5733 | D:6      | Killed a +2 long sword of chaos
  5734 | D:6      | Reached skill level 11 in Long Blades
  5734 | D:6      | Reached XP level 9. HP: 55/61 MP: 9/9
  5741 | D:6      | Killed LobsterGuardian's ghost
  5742 | D:6      | Reached skill level 12 in Long Blades
  6088 | D:7      | Reached skill level 1 in Evocations
  6417 | D:7      | Found a blossoming altar of Fedhas.
  6462 | D:7      | Reached skill level 13 in Long Blades
  6594 | D:7      | Found an iron altar of Okawaru.
  6740 | D:8      | Noticed Prince Ribbit
  6741 | D:8      | Found Qiklul's Antique Armour Boutique.
  6759 | D:8      | Killed Prince Ribbit
  6765 | D:8      | Reached skill level 5 in Evocations
  6765 | D:8      | Reached XP level 10. HP: 67/67 MP: 10/10
  6776 | D:8      | Bought a runed helmet for 240 gold pieces
  6831 | D:8      | Found a shimmering altar of Xom.
  6831 | D:8      | Found a shimmering altar of Xom.
  6831 | D:8      | Found a shimmering altar of Xom.
  6831 | D:8      | Found a shimmering altar of Xom.
  6832 | D:8      | Found a shimmering altar of Xom.
  6832 | D:8      | Found a shimmering altar of Xom.
  6833 | D:8      | Found a shimmering altar of Xom.
  6891 | D:8      | Reached skill level 14 in Long Blades
  6897 | D:8      | Gained mutation: You are dopey. (Int -2) [Ru sacrifice]
  7161 | D:8      | Found a shimmering altar of Xom.
  7322 | D:9      | Reached skill level 1 in Armour
  7337 | D:9      | Upgraded the game from 0.32-a0-540-g866d13106e to
                  | 0.32-a0-560-g4c7f4391e0
  7355 | D:9      | Found an ancient bone altar of Kikubaaqudgha.
  7534 | D:9      | Reached skill level 5 in Fighting
  7574 | D:9      | Noticed a two-headed ogre
  7578 | D:9      | a two-headed ogre changed into a cane toad
  7578 | D:9      | Noticed a cane toad
  7808 | D:9      | Reached XP level 11. HP: 55/81 MP: 11/11
  7812 | D:9      | Reached skill level 5 in Armour
  7934 | D:9      | Found a snail-covered altar of Cheibriados.
  8247 | D:9      | Noticed a two-headed ogre
  8258 | D:9      | Killed a two-headed ogre
  8398 | D:9      | Noticed a two-headed ogre
  8409 | D:9      | Killed a two-headed ogre
  8974 | D:9      | Noticed a two-headed ogre
  8985 | D:9      | Killed a two-headed ogre
  9220 | D:9      | Noticed a centaur warrior
  9220 | D:9      | Noticed a deep elf pyromancer
  9231 | D:9      | Killed a centaur warrior
  9244 | D:9      | Noticed a boulder beetle
  9271 | D:9      | Killed a boulder beetle
  9321 | D:9      | Killed a deep elf pyromancer
  9322 | D:9      | Reached skill level 5 in Dodging
  9322 | D:9      | Reached XP level 12. HP: 10/92 MP: 12/12
  9322 | D:9      | Incinerated by a deep elf pyromancer

Illustrated notes

Levels and vault maps discovered:
D:1:      dpeg_arrival_stonehenge_8_columns, layout_basic, serial_shops,
          nicolae_shop_bloodbath_and_beyond,
          hellmonk_ecumenical_altar_pennies_from_heaven
D:2:      wad_woods_pond, layout_basic, serial_forest,
          infiniplex_forest_clump_long, infiniplex_forest_end_2,
          infiniplex_forest_straight_4, infiniplex_forest_lined_3_way,
          infiniplex_forest_clump_diagonal, infiniplex_forest_zigzag_2,
          infiniplex_forest_zigzag_2
D:3:      layout_loops_ring, gammafunk_temple_overflow_claw
D:4:      layout_basic, temple_hall, minmay_misc_feat_five
D:5:      layout_cave_pools, chequers_serial_rivers_large_a,
          mrwooster_statue_mirror
D:6:      layout_basic, serial_demonic, serial_demonic_d, serial_demonic_g,
          serial_demonic_a, serial_demonic_g, ebering_ghost_xom, minivault_25
D:7:      layout_rooms, fedhas_altar_4, lemuel_coloured_pillars_altar
D:8:      layout_rooms, xom_shifter_show, serial_shops, shop,
          uniq_prince_ribbit1
D:9:      minmay_the_grid_octo_tiled_squarecenter
          [minmay_the_grid_octo_thin_diamonds, minmay_the_grid_octo_fan_narrow,
          minmay_the_grid_octo_pinwheel, minmay_the_grid_octo_chip,
          minmay_the_grid_square_5x5_megaprize_diamond,
          minmay_the_grid_square_5x5_beaten_path,
          minmay_the_grid_square_5x5_two_walls_b,
          minmay_the_grid_square_5x5_inset, minmay_the_grid_square_5x5_c],
          layout_irregular_city, lemuel_mausoleum_altar_kikubaaqudgha,
          mainiacjoe_overflow_24_doors, orc_0_dummy,
          minmay_fractal_squares_gapless_5
Temple:   eino_temple_water

Skill      XL: |  1  2  3  4  5  6  7  8  9 10 11 |
---------------+----------------------------------+-----
Long Blades    | 4 5 6 7 9 11 13 14 | 14.0
Evocations     | 5 8 |  8.0
Armour         | 4 6 |  6.6
Fighting       | 6 7 |  7.8
Dodging        | 5 |  5.0
Throwing       | |  1.7

Action                     |  1- 3 |  4- 6 |  7- 9 | 10-12 || total
---------------------------+-------+-------+-------+-------++-------
  Melee: Long sword        |   114 |   118 |   210 |   245 ||   687
         Dagger            |    47 |   111 |    94 |       ||   252
         Scimitar          |       |       |    40 |   230 ||   270
         Falchion          |       |       |       |    67 ||    67
 Invoke: Sacrifice Arcana  |       |       |     1 |       ||     1
         Sacrifice Purity  |       |       |       |     1 ||     1
  Evoke: Wand              |       |       |     1 |     1 ||     2
    Use: Scroll            |       |       |    18 |     1 ||    19
         Potion            |       |       |     1 |     1 ||     2
   Stab: Distracted        |       |       |     1 |     1 ||     2
         Paralysed         |       |       |     1 |       ||     1
         Confused          |       |       |       |     4 ||     4
 Armour: Leather armour    |    17 |       |       |       ||    17
         Ring mail         |    53 |    75 |       |       ||   128
         Chain mail        |       |     1 |   189 |   192 ||   382
  Dodge: Dodged            |    61 |    57 |   110 |    92 ||   320

Table legend: (Time is in decaauts)
 A = Elapsed time spent in this place.
 B = Non-inter-level travel time spent in this place.
 C = Inter-level travel time spent in this place.
 D = Time resting spent in this place.
 E = Time spent auto-exploring this place.
 F = Levels seen in this place.
 G = Mean time per level.
                   A        B        C        D        E       F      G
               +--------+--------+--------+--------+--------+-----+--------+
         Total |   9235 |   8884 |    351 |    143 |   7099 |  10 |  923.5 |
       Dungeon |   9016 |   8766 |    250 |    143 |   7099 |   9 | 1001.8 |
        Temple |    218 |    117 |    101 |      0 |      0 |   1 |  218.0 |
               +--------+--------+--------+--------+--------+-----+--------+

Top non-repeatable levels by time:
     D:9: 2002 daAuts
     D:6: 1233 daAuts
     D:2: 1169 daAuts
     D:5: 889 daAuts
     D:4: 845 daAuts
     D:7: 807 daAuts
     D:1: 807 daAuts
     D:3: 763 daAuts
     D:8: 498 daAuts
  Temple: 218 daAuts
